 Dungeon Crawl Stone Soup version 0.31-a0-960-g0fca184906 (console) character file.

Game seed: 13770920320762984631

139645 jejorda2 the Cleaver (level 17, -5/137 HPs)
             Began as a Gnoll Berserker on Oct 22, 2023.
             Was an Elder of Trog.
             Slain by a salamander
             ... wielding a +0 halberd
              (6 damage)
             ... on level 4 of the Snake Pit on Oct 23, 2023.
             The game lasted 01:37:44 (30939 turns).

jejorda2 the Cleaver (Gnoll Berserker)             Turns: 30939, Time: 01:37:45

Health: -5/137     AC: 28    Str: 22    XL:     17   Next: 29%
Magic:  10/10      EV: 18    Int: 10    God:    Trog [****..]
Gold:   2132       SH:  0    Dex: 14    Spells: 39/39 levels left

rFire   + . .        a - +8 battleaxe {antimagic, *Rage Rampage}
rCold   + . .        (shield currently unavailable)
rNeg    . . .        R - +4 chain mail {Will+}
rPois   +            K - +1 helmet of a Thousand Lovers {rElec rPois Regen+}
rElec   +            D - +2 cloak
rCorr   .            I - +2 pair of gloves
SInv    .            n - +2 pair of slick slippers {slick, slippery, EV+4}
Will    ++++.        l - amulet of the acrobat
Stlth   ++           v - ring of protection from fire
HPRegen 2.22/turn    O - ring "Wuiss" {rC+ AC+4 Dex+3}
MPRegen 0.12/turn

%: random rage (50%), acrobat, rampage
@: lethally poisoned (-5 -> -6), weakened, strong-willed, on berserk cooldown,
regenerating, slowed, very slow
A: fangs 1, strong nose, distributed training, deformed body
a: Renounce Religion, Berserk, Trog's Hand, Brothers in Arms


You were on level 4 of the Snake Pit.
You worshipped Trog.
Trog was greatly pleased with you.
You visited 4 branches of the dungeon, and saw 26 of its levels.
You also visited: Gauntlet.

You collected 3823 gold pieces.
You spent 1691 gold pieces at shops.

Inventory:

Hand Weapons
 a - the +8 Wrath of Trog (weapon) {antimagic, *Rage Rampage}
   (You bought it in a shop on level 2 of the Orcish Mines)

   It causes slowness and exhaustion when equipped.
   It extends the wielder's berserk rage when killing foes.
   *Rage:     It berserks you when you make melee attacks (+50% chance).
   Rampage:   It bestows one free step when moving towards enemies.
 b - a +0 battleaxe of flaming
Missiles
 f - 44 poisoned darts
 i - 13 atropa-tipped darts
 j - 37 boomerangs (quivered)
 H - 3 curare-tipped darts
 J - 24 javelins
 P - 7 throwing nets
 Q - 12 silver javelins
Armour
 n - the +2 pair of slick slippers (worn) {slick, slippery, EV+4}
   (You found it in a Gauntlet)

   Slick:     Its wearer cannot be constricted, engulfed, netted or webbed.
   Slippery:  Its wearer slips away from damaging melee attacks, pulling the
   attacker onward.
   EV+4:      It affects your evasion (+4).
 q - a +2 chain mail of fire resistance
 D - a +2 cloak (worn)
 I - a +2 pair of gloves (worn)
 K - the +1 helmet of a Thousand Lovers (worn) {rElec rPois Regen+}
   (You found it in a Gauntlet)

   rElec:     It insulates you from electricity.
   rPois:     It protects you from poison Regen+: It increases your rate of
   health regeneration.
 R - a +4 chain mail of willpower (worn)
Jewellery
 d - a ring of see invisible
 h - a ring of willpower
 l - an amulet of the acrobat (around neck)
 v - a ring of protection from fire (left hand)
 G - a ring of resist corrosion
 L - a +4 ring of protection
 O - the ring "Wuiss" (right hand) {rC+ AC+4 Dex+3}
   (You took it off a minotaur in a Gauntlet)

   [ring of protection]

   AC+4:      It affects your AC (+4).
   Dex+3:     It affects your dexterity (+3).
   rC+:       It protects you from cold.
 S - a ring of protection from cold
Wands
 c - a wand of charming (32)
 p - a wand of quicksilver (8)
 x - a wand of digging (7)
 y - a wand of iceblast (37)
 C - a wand of flame (80)
 F - a wand of polymorph (6)
Scrolls
 o - 3 scrolls of blinking
 t - 2 scrolls of fear
 z - a scroll of summoning
 B - 3 scrolls of fog
 T - a scroll of silence
 U - 5 scrolls of teleportation
 W - 2 scrolls of revelation
Potions
 e - 5 potions of haste
 g - 2 potions of heal wounds
 k - 4 potions of mutation
 m - 12 potions of curing
 r - 2 potions of resistance
 u - 3 potions of enlightenment
 w - a potion of cancellation
 E - a potion of ambrosia
 M - 2 potions of attraction
 N - 2 potions of might
Miscellaneous
 s - a phial of floods
 V - a condenser vane


   Skills:
 + Level 13.3 Fighting
 + Level 11.7 Short Blades
 + Level 11.7 Long Blades
 + Level 13.3 Axes
 + Level 11.7 Maces & Flails
 + Level 11.7 Polearms
 + Level 11.7 Staves
 + Level 11.7 Ranged Weapons
 + Level 11.7 Throwing
 + Level 12.6 Armour
 + Level 12.6 Dodging
 + Level 11.7 Stealth
 + Level 11.7 Shields
 + Level 11.7 Unarmed Combat
 + Level 11.7 Spellcasting
 + Level 9.9 Conjurations
 + Level 9.9 Hexes
 + Level 9.9 Summonings
 + Level 9.9 Necromancy
 + Level 9.9 Translocations
 + Level 9.9 Transmutations
 + Level 9.9 Fire Magic
 + Level 9.9 Ice Magic
 + Level 9.9 Air Magic
 + Level 9.9 Earth Magic
 + Level 9.9 Poison Magic
 + Level 12.7 Invocations
 + Level 11.7 Evocations
 + Level 10.8 Shapeshifting


You had 39 spell levels left.
You didn't know any spells.
Your spell library was empty.

Dungeon Overview and Level Annotations

Branches:
Dungeon (15/15)            Temple (0/1) D:4            Lair (5/5) D:10
  Swamp (0/4) Lair:2        Snake (4/4) Lair:2        Slime (0/5) Lair:5
    Orc (2/2) D:12            Elf (0/3) Orc:2        Vaults (0/5) D:14
 Depths (0/4) D:15        Gauntlet (visited)

Altars:
Ashenzari
Cheibriados
Dithmenos
Fedhas
Hepliaklqana
Kikubaaqudgha
Okawaru
Sif Muna
Zin
The Shining One
Jiyva

Shops:
D:9 *   D:10 !   D:11 *(=   Orc:1 !   Orc:2 (!(=

Annotations:
D:9 2 transporters


Innate Abilities, Weirdness & Mutations

You have very sharp teeth.
Your uncanny sense of smell can sniff out nearby items.
Your experience applies equally to all skills.
Armour fits poorly on your strangely shaped body.


Message History

* * * LOW HITPOINT WARNING * * *
The guardian serpent falters for a moment.
The naga ritualist hits your ogre with a +0 glaive!!
Your ogre dies!
Your ogre's corpse disappears in a puff of smoke!
The naga mage hits you but does no damage.
The guardian serpent casts a spell at you.
The naga ritualist blinks!
The salamander tyrant blinks!
The salamander tyrant gazes fiercely through you!
You feel your attacks grow feeble.
The salamander tyrant completely misses you.
The naga mage falters for a moment.
The guardian serpent barely misses you.
You hit the salamander tyrant.
The salamander tyrant's magic leaks into the air.
Your bite misses the salamander tyrant.
The salamander tyrant is lightly wounded.
You slash the guardian serpent!
The guardian serpent's magic leaks into the air.
You slash the naga ritualist!
You kill the naga ritualist!
Trog accepts your kill.
You hit the naga mage.
The naga mage's magic leaks into the air.
You hit the salamander tyrant.
The salamander tyrant's magic leaks into the air.
You feel sick.
The salamander tyrant's magic is no longer disrupted. x2
The salamander hits you from afar with a +0 halberd.
* * * LOW HITPOINT WARNING * * *
You are engulfed in flames.
You resist.
* * * LOW HITPOINT WARNING * * *
The guardian serpent misses you.
The salamander tyrant closely misses you.
The salamander tyrant gazes fiercely through you!
You feel as though you will be weak longer.
The salamander tyrant barely misses you.
The salamander hits you from afar with a +0 halberd!
* * * LOW HITPOINT WARNING * * *
You are engulfed in flames.
You resist.
You die...

##.....## ##..))..##
.......# ##...##...##
......## ##...####.).##
#....## ##...##..##...##
..####
##...##....##...## ###
##....#......#....## ###
#...NN)....÷.......##
..#
#.....#NNS.....#....†##
..##
#...#..##@N....##..#...#
...# ...##.[
##....##...##...# ...#
..# .N.
##).##.....##...# ...#
.# N..N ####...... ##...
.### ...)S∆ #....... ...
.# ....NN ....... ... ##
..# # ..#


You could see 2 salamander tyrants, a salamander (strong), a naga ritualist
(catching breath), a guardian serpent (magic disrupted) and a naga mage (magic
disrupted).

Vanquished Creatures
  Rupert (Lair:5)
  Jorgrun (Snake:1)
  Frances (D:13)
  Roxanne (Snake:4)
  4 nagarajas
  An orc warlord (Orc:2)
  The ghost of Miduta the Eclecticist, a journeyman DsNe of Kikubaaqudgha (Snake:1)
  A stone giant (D:15)
  Nessos (D:15)
  3 dire elephants (Lair:5)
  A minotaur (Gauntlet)
  Josephine (D:13)
  2 salamander tyrants (Snake:4)
  4 vault guards (D:14)
  2 ogre magi (D:15)
  5 hydras
  2 catoblepae
  A death knight (D:14)
  4 centaur warriors
  7 anacondas
  10 two-headed ogres
  A tengu warrior (D:14)
  3 death yaks (Lair:5)
  9 naga sharpshooters
  2 naga warriors (Snake:4)
  7 orc high priests (Orc:2)
  A spectral dire elephant (Lair:5)
  3 shock serpents
  2 skysharks (Lair:5)
  A deep elf knight (D:13)
  A fire crab (Gauntlet)
  5 salamander mystics
  A skeletal warrior (D:14)
  A spectral anaconda (Lair:5)
  2 bog bodies (Lair:2)
  An obsidian statue (Lair:5)
  5 naga ritualists
  A deep elf archer (D:13)
  4 necromancers (Lair:5)
  A deep elf pyromancer (D:13)
  4 orc knights
  A phantasmal warrior (D:14)
  Pikel (D:7)
  5 ugly things (D:14)
  2 oklob plants (Lair:5)
  2 manticores (D:14)
  6 mana vipers
  2 cyclopes
  6 salamanders
  A guardian serpent (Snake:4)
  27 black mambas
  9 naga magi
  10 elephants
  Joseph (D:7)
  An orange demon (Lair:3)
  3 gargoyles
  A dire elephant skeleton (Lair:5)
  6 cane toads
  An efreet (D:14)
  2 rime drakes
  A komodo dragon (shapeshifter) (D:15)
  7 komodo dragons
  A yaktaur (D:15)
  2 freezing wraiths (D:14)
  A tengu conjurer (D:14)
  3 polar bears
  4 trolls
  4 spectral elephants (Lair:5)
  17 blink frogs
  A hornet (D:10)
  A dream sheep (shapeshifter) (D:14)
  2 centaur simulacra (Gauntlet)
  Sigmund (D:6)
  13 slime creatures
  4 wyverns
  6 wraiths
  3 fire bats (Gauntlet)
  A vampire (D:8)
  A basilisk (shapeshifter) (D:14)
  3 basilisks
  69 yaks
  Eustachio (D:6)
  A death yak simulacrum (Lair:5)
  2 vampire mosquitoes (D:11)
  Edmund (D:4)
  2 steam dragons
  8 wargs
  Menkaure (D:6)
  31 nagas
  3 acid dragons
  21 water moccasins
  3 hell hounds (Gauntlet)
  2 black bears
  An elephant zombie (Lair:5)
  29 orc warriors
  4 sky beasts
  11 ogres
  4 centaurs
  An ogre (shapeshifter) (D:10)
  18 wolves
  4 elephant skeletons (Lair:5)
  4 lemures
  4 kobold brigands
  15 bullfrogs
  4 cane toad simulacra
  A gnoll sergeant (D:9)
  3 scorpions
  8 killer bees
  A hornet simulacrum (D:14)
  3 electric eels (Lair:2)
  3 howler monkeys (D:12)
  33 orc priests
  2 jellies (D:5)
  2 gnoll boudas (D:9)
  5 iguanas
  2 sleepcaps
  23 orc wizards
  A boggart simulacrum (D:15)
  12 gnolls (D:9)
  4 adders
  2 shadow imps
  2 white imps (D:6)
  2 worms (D:2)
  4 dart slugs
  84 orcs
  5 endoplasms
  4 giant cockroaches
  4 goblins (D:1)
  8 hobgoblins
  2 jackals (D:2)
  4 quokkas
  6 ball pythons
  8 bats
  4 frilled lizards
  26 kobolds
  7 rats
791 creatures vanquished.

Vanquished Creatures (collateral kills)
  Mara (Snake:3)
  Amaemon (Lair:3)
2 creatures vanquished.

Vanquished Creatures (others)
  An occultist (D:15)
  A basilisk (D:14)
  A naga (Snake:4)
3 creatures vanquished.

Grand Total: 796 creatures vanquished

Notes
Turn   | Place    | Note
-------+----------+-------------------------------------------
     0 | D:1      | jejorda2 the Gnoll Berserker began the quest for the Orb.
     0 | D:1      | Reached XP level 1. HP: 23/23 MP: 1/1
   138 | D:1      | Reached XP level 2. HP: 25/29 MP: 2/2
   387 | D:1      | Reached ** piety under Trog
   428 | D:1      | Reached XP level 3. HP: 34/35 MP: 3/3
   847 | D:1      | Reached skill level 1 in Invocations
  1225 | D:2      | Reached skill level 1 in Short Blades
  1225 | D:2      | Reached skill level 1 in Long Blades
  1225 | D:2      | Reached skill level 1 in Maces & Flails
  1225 | D:2      | Reached skill level 1 in Polearms
  1225 | D:2      | Reached skill level 1 in Staves
  1225 | D:2      | Reached skill level 1 in Ranged Weapons
  1225 | D:2      | Reached skill level 1 in Throwing
  1225 | D:2      | Reached skill level 1 in Stealth
  1225 | D:2      | Reached skill level 1 in Shields
  1225 | D:2      | Reached skill level 1 in Unarmed Combat
  1225 | D:2      | Reached skill level 1 in Spellcasting
  1225 | D:2      | Reached skill level 1 in Evocations
  1539 | D:2      | Reached skill level 1 in Shapeshifting
  1539 | D:2      | Reached XP level 4. HP: 39/41 MP: 5/5
  1654 | D:3      | Identified the "Koamotz"
  1712 | D:3      | Reached skill level 1 in Conjurations
  1712 | D:3      | Reached skill level 1 in Hexes
  1712 | D:3      | Reached skill level 1 in Summonings
  1712 | D:3      | Reached skill level 1 in Necromancy
  1712 | D:3      | Reached skill level 1 in Translocations
  1712 | D:3      | Reached skill level 1 in Transmutations
  1712 | D:3      | Reached skill level 1 in Fire Magic
  1712 | D:3      | Reached skill level 1 in Ice Magic
  1712 | D:3      | Reached skill level 1 in Air Magic
  1712 | D:3      | Reached skill level 1 in Earth Magic
  1712 | D:3      | Reached skill level 1 in Poison Magic
  1898 | D:3      | Reached XP level 5. HP: 47/47 MP: 5/7
  2242 | D:3      | Found a shimmering blue altar of Sif Muna.
  2640 | D:4      | Reached XP level 6. HP: 42/53 MP: 8/8
  2646 | D:4      | Found a staircase to the Ecumenical Temple.
  2917 | D:4      | Reached skill level 5 in Armour
  2917 | D:4      | Reached skill level 5 in Dodging
  3176 | D:4      | Noticed Edmund
  3179 | D:4      | Found a hazy altar of Hepliaklqana.
  3188 | D:4      | Killed Edmund
  3239 | D:4      | Found a faded altar of an unknown god.
  3895 | D:5      | Entered Level 5 of the Dungeon
  3896 | D:5      | You fall into a shaft and drop 2 floors!
  3901 | D:7      | Noticed Joseph
  3934 | D:7      | Killed Joseph
  3935 | D:7      | Reached XP level 7. HP: 8/60 MP: 9/11
  4109 | D:7      | Reached XP level 8. HP: 67/67 MP: 12/12
  4127 | D:7      | Noticed Pikel
  4130 | D:6      | Noticed Sigmund
  4130 | D:6      | Noticed Eustachio
  4484 | D:5      | Found a broken altar of Ashenzari.
  4702 | D:5      | Reached *** piety under Trog
  4996 | D:6      | Found a shadowy altar of Dithmenos.
  5124 | D:6      | Killed Sigmund
  5398 | D:6      | Reached XP level 9. HP: 54/73 MP: 14/14
  5531 | D:6      | Killed Eustachio
  5605 | D:6      | Found a blossoming altar of Fedhas.
  5730 | D:6      | Found a glowing silver altar of Zin.
  5838 | D:7      | Noticed Menkaure
  5842 | D:6      | Killed Menkaure
  6212 | D:7      | Killed Pikel
  6213 | D:7      | Reached skill level 5 in Invocations
  6467 | D:7      | Identified the +1 robe "Xyijitoa" {rF+ SInv Stlth+}
  6573 | D:8      | Reached **** piety under Trog
  6776 | D:8      | Reached XP level 10. HP: 60/80 MP: 17/17
  7056 | D:8      | Reached skill level 5 in Short Blades
  7056 | D:8      | Reached skill level 5 in Long Blades
  7056 | D:8      | Reached skill level 5 in Maces & Flails
  7056 | D:8      | Reached skill level 5 in Polearms
  7056 | D:8      | Reached skill level 5 in Staves
  7056 | D:8      | Reached skill level 5 in Ranged Weapons
  7056 | D:8      | Reached skill level 5 in Throwing
  7056 | D:8      | Reached skill level 5 in Stealth
  7056 | D:8      | Reached skill level 5 in Shields
  7056 | D:8      | Reached skill level 5 in Unarmed Combat
  7056 | D:8      | Reached skill level 5 in Spellcasting
  7056 | D:8      | Reached skill level 5 in Evocations
  7769 | D:9      | Reached skill level 5 in Shapeshifting
  7940 | D:9      | Found Vitoddosa's Mayhem Merchandise.
  7977 | D:9      | Found a transporter.
  7982 | D:9      | Noticed a kobold demonologist
  7982 | D:9      | Noticed a kobold demonologist
  8113 | D:9      | Noticed a fire crab
  8119 | D:9      | Noticed a kobold demonologist
  8119 | D:9      | Noticed an orc high priest
  8121 | D:9      | Noticed a kobold demonologist
  8461 | D:9      | Found a transporter.
  8464 | D:9      | Noticed a kobold demonologist
  8656 | D:9      | Reached XP level 11. HP: 52/89 MP: 19/19
  8879 | D:10     | Entered Level 10 of the Dungeon
  9160 | D:10     | Found an ancient bone altar of Kikubaaqudgha.
  9168 | D:10     | Reached skill level 5 in Conjurations
  9168 | D:10     | Reached skill level 5 in Hexes
  9168 | D:10     | Reached skill level 5 in Summonings
  9168 | D:10     | Reached skill level 5 in Necromancy
  9168 | D:10     | Reached skill level 5 in Translocations
  9168 | D:10     | Reached skill level 5 in Transmutations
  9168 | D:10     | Reached skill level 5 in Fire Magic
  9168 | D:10     | Reached skill level 5 in Ice Magic
  9168 | D:10     | Reached skill level 5 in Air Magic
  9168 | D:10     | Reached skill level 5 in Earth Magic
  9168 | D:10     | Reached skill level 5 in Poison Magic
  9531 | D:10     | Found a staircase to the Lair.
  9615 | D:10     | Found Byoqim's Distillery.
  9618 | D:10     | Bought a potion of attraction for 39 gold pieces
  9618 | D:10     | Bought a potion of resistance for 130 gold pieces
  9618 | D:10     | Bought a potion of might for 52 gold pieces
  9839 | D:10     | Found a glowing golden altar of the Shining One.
  9967 | D:10     | Noticed a two-headed ogre
  9970 | D:10     | Killed a two-headed ogre
 10138 | D:11     | Noticed a two-headed ogre
 10146 | D:11     | Killed a two-headed ogre
 10296 | D:11     | Noticed a cyclops
 10307 | D:11     | Killed a cyclops
 10568 | D:11     | Found Reurgh Ruiti's Jewellery Emporium.
 10594 | D:11     | Bought a ring of protection from cold for 400 gold pieces
 10611 | D:11     | Found Hagofeok's Assorted Antiques.
 10652 | D:11     | Reached XP level 12. HP: 92/96 MP: 22/22
 10674 | D:11     | Noticed a two-headed ogre
 10684 | D:11     | Killed a two-headed ogre
 10874 | D:11     | Found Gotait's Antique Weapon Boutique.
 11706 | D:12     | Found a staircase to the Orcish Mines.
 11794 | D:12     | Found an iron altar of Okawaru.
 12409 | Lair:1   | Entered Level 1 of the Lair of Beasts
 12490 | Lair:1   | Reached skill level 10 in Fighting
 12490 | Lair:1   | Reached skill level 10 in Axes
 13251 | Lair:1   | Reached ***** piety under Trog
 13283 | Lair:1   | Reached XP level 13. HP: 83/104 MP: 23/25
 13567 | Lair:2   | Found a staircase to the Snake Pit.
 13617 | Lair:2   | Found a gate leading to a gauntlet.
 13631 | Gauntlet | Entered a Gauntlet
 13631 | Gauntlet | Found a transporter.
 13631 | Gauntlet | Found a transporter.
 13632 | Gauntlet | Found a transporter.
 13633 | Gauntlet | Found a transporter.
 13634 | Gauntlet | Found a transporter.
 13639 | Gauntlet | Found a transporter.
 13647 | Gauntlet | Found a transporter.
 13648 | Gauntlet | Found a transporter.
 13648 | Gauntlet | Found a transporter.
 13650 | Gauntlet | Found a transporter.
 13656 | Gauntlet | Noticed a reaper
 13658 | Gauntlet | Found a transporter.
 13659 | Gauntlet | Found a transporter.
 13700 | Gauntlet | Found the +2 pair of slick slippers {slick, slippery, EV+4}
 14002 | Gauntlet | Identified the +1 helmet of a Thousand Lovers {rElec rPois
                  | Regen+}
 14246 | Gauntlet | Identified the ring "Wuiss" {rC+ AC+4 Dex+3}
 14246 | Gauntlet | Noticed a minotaur
 14259 | Gauntlet | Killed a minotaur
 14300 | Gauntlet | Identified the +2 robe of Vegrea {Fly MP-9 Int+4 SInv}
 15276 | Lair:2   | Found a staircase to the Swamp.
 16029 | Lair:3   | Reached skill level 10 in Armour
 16029 | Lair:3   | Reached skill level 10 in Dodging
 16266 | Lair:3   | Noticed Amaemon
 16279 | Lair:3   | Killed Amaemon
 16779 | Lair:3   | Identified 2 scrolls of acquirement
 16779 | Lair:3   | Acquired the +2 helmet of Unbearable Salvation {rElec rCorr
                  | Str+3}
 16780 | Lair:3   | Acquired 955 gold pieces
 16866 | Lair:4   | Reached XP level 14. HP: 113/113 MP: 25/27
 17069 | Lair:4   | You fall into a shaft and drop 1 floor!
 17069 | Lair:5   | Entered Level 5 of the Lair of Beasts
 17881 | Lair:4   | Reached skill level 10 in Invocations
 17931 | Lair:5   | Noticed Rupert
 17944 | Lair:5   | Killed Rupert
 18240 | Lair:5   | Found a viscous altar of Jiyva.
 18242 | Lair:5   | Found a staircase to the Slime Pits.
 18693 | Lair:5   | Identified the +0 ring mail of the Tundras {rC++}
 18921 | Lair:5   | Noticed a dire elephant
 18921 | Lair:5   | Noticed a dire elephant
 18922 | Lair:5   | Noticed a dire elephant
 19453 | Lair:5   | Killed a dire elephant
 19554 | Lair:5   | Killed a dire elephant
 19658 | Lair:5   | Killed a dire elephant
 19970 | Orc:1    | Entered Level 1 of the Orcish Mines
 20136 | Orc:1    | Found Nifrouc's Distillery.
 20164 | Orc:1    | Reached XP level 15. HP: 84/120 MP: 28/28
 20397 | Orc:2    | Entered Level 2 of the Orcish Mines
 20458 | Orc:2    | Noticed an orc warlord
 20489 | Orc:2    | Killed an orc warlord
 20517 | Orc:2    | Reached skill level 10 in Short Blades
 20517 | Orc:2    | Reached skill level 10 in Long Blades
 20517 | Orc:2    | Reached skill level 10 in Maces & Flails
 20517 | Orc:2    | Reached skill level 10 in Polearms
 20517 | Orc:2    | Reached skill level 10 in Staves
 20517 | Orc:2    | Reached skill level 10 in Ranged Weapons
 20517 | Orc:2    | Reached skill level 10 in Throwing
 20517 | Orc:2    | Reached skill level 10 in Stealth
 20517 | Orc:2    | Reached skill level 10 in Shields
 20517 | Orc:2    | Reached skill level 10 in Unarmed Combat
 20517 | Orc:2    | Reached skill level 10 in Spellcasting
 20517 | Orc:2    | Reached skill level 10 in Evocations
 20777 | Orc:2    | Gained mutation: Armour fits poorly on your strangely
                  | shaped body. [a neqoxec]
 20931 | Orc:2    | Found Xoannemm's Weapon Boutique.
 20931 | Orc:2    | Found Xyixtuw's Distillery.
 21140 | Orc:2    | Found Non Lum's Weapon Boutique.
 21141 | Orc:2    | Found Utzoahao's Jewellery Emporium.
 21149 | Orc:2    | Received a gift from Trog
 21181 | Orc:2    | HP: 5/180 [two-headed ogre/+0 giant club (9)]
 21188 | Orc:2    | HP: 7/180 [orc priest/divine providence (9)]
 21194 | Orc:2    | HP: 6/120 [sixfirhy[an orc high priest] (4)]
 21425 | Orc:2    | Found a staircase to the Elven Halls.
 21624 | Orc:2    | Upgraded the game from 0.31-a0-949-g57150269e1 to
                  | 0.31-a0-960-g0fca184906
 22435 | D:13     | Noticed Frances
 22450 | D:13     | Killed Frances
 22555 | D:13     | Noticed Josephine
 22564 | D:13     | Killed Josephine
 22934 | D:13     | Identified the +3 leather armour "Coskiamn" {rC++ Regen+}
 22969 | D:13     | Found an iron altar of Okawaru.
 23597 | D:11     | Bought a scroll of teleportation for 66 gold pieces
 23597 | D:11     | Bought a scroll of identify for 44 gold pieces
 23674 | D:14     | Found a gate to the Vaults.
 23752 | D:14     | Identified the +8 long sword of Itoidu Gaop {vamp, rPois
                  | rN+ Int+3 SInv}
 24287 | D:15     | Entered Level 15 of the Dungeon
 24290 | D:15     | Noticed Nessos
 24387 | D:15     | Killed Nessos
 24590 | D:15     | Found a staircase to the Depths.
 25207 | D:15     | Reached XP level 16. HP: 129/129 MP: 30/30
 25765 | Orc:2    | Bought the +8 Wrath of Trog {antimagic, *Rage Rampage} for
                  | 960 gold pieces
 25765 | Orc:2    | Found the +8 Wrath of Trog {antimagic, *Rage Rampage}
 25982 | Snake:1  | Entered Level 1 of the Snake Pit
 25993 | Snake:1  | Reached skill level 10 in Shapeshifting
 26021 | Snake:1  | Found a snail-covered altar of Cheibriados.
 26137 | Snake:1  | Found a large runed translucent door.
 26138 | Snake:1  | Found a large runed translucent door.
 26140 | Snake:1  | Noticed Miduta's ghost (journeyman DsNe)
 26151 | Snake:1  | Killed Miduta's ghost
 26160 | Snake:1  | Identified the serpent talisman of Resourcefulness {rElec
                  | Dex+3 Stlth+}
 26536 | Snake:1  | Noticed Jorgrun
 26550 | Snake:1  | Killed Jorgrun
 26912 | Snake:2  | Noticed a nagaraja
 26924 | Snake:2  | Killed a nagaraja
 28019 | Snake:3  | Received a gift from Trog
 29565 | Snake:4  | Entered Level 4 of the Snake Pit
 29574 | Snake:3  | Noticed Mara
 29579 | Snake:3  | Noticed jejorda2's illusion
 29583 | Snake:3  | Killed Mara
 29659 | Snake:4  | Identified the +7 quarterstaff "Irirrase" {flame, rPois
                  | rF+++ rC- Str-4}
 30062 | Snake:4  | Noticed Roxanne
 30086 | Snake:4  | Killed Roxanne
 30087 | Snake:4  | Reached XP level 17. HP: 136/136 MP: 10/32
 30914 | Snake:4  | Received a gift from Trog
 30939 | Snake:4  | HP: 1/137 [salamander/+0 halberd (16)]
 30939 | Snake:4  | Slain by a salamander

Illustrated notes

Levels and vault maps discovered:
D:1:      lightli_arrival_chessboard, layout_basic
D:2:      layout_basic, chequers_decorated_corner
D:3:      layout_loops_ring, led_sif_pool
D:4:      layout_loops_corners, beargit_hepliaklqana_dungeon_heroes,
          minmay_temple_entry_offerings, serial_bayou_lagoon_b
D:5:      layout_gridville, evilmike_ruin_ashenzari,
          nicolae_kite_square_tiling_tiny, minmay_misc_feat_chi, minivault_1
D:6:      layout_rooms, grunt_dithmenos_smoke, fedhas_altar_4, zin_academy,
          kennysheep_small_square, uniq_sigmund, uniq_eustachio
D:7:      layout_gridville, minmay_misc_feat_diagonals, minmay_misc_feat_doors,
          minmay_crystal_room, uniq_menkaure, uniq_pikel, uniq_joseph
D:8:      layout_rooms, kennysheep_windowed_goal
D:9:      gammafunk_wand_slinger, layout_basic, minmay_shop_mayhem
D:10:     layout_irregular_city, amcnicky_altar_gilded,
          mainiacjoe_overflow_chevrons, due_lair_maze_entry_diamond,
          serial_shops, kennysheep_mini_moat, chequers_serial_rivers_large_b,
          minmay_fractal_squares_gapless_5
D:11:     layout_cave_pods, serial_shops, shop,
          nicolae_shop_tiny_real_fake_doors, shop
D:12:     layout_long_grid, hiddenorc1_lemuel, okawaru_gym_becter
D:13:     evilmike_iron_armoury, layout_basic, serial_glass, glass_columns_c,
          glass_columns_b, minmay_strange_pillars, due_unseen_surprise,
          uniq_josephine, uniq_frances
D:14:     layout_stronghold, lightli_vaults_fourway_checkpoint,
          nrook_mini_backslash
D:15:     grunt_enter_depths_giant_problem, layout_layer_cave, serial_park_paths
          [serial_park_minivault_5x5_2], uniq_nessos
Lair:1:   layout_roguey, grunt_megastairs_1, infiniplex_staircase_pool_2
Lair:2:   layout_cellular_growth, nicolae_swamp_entry_splash_gauntlet,
          guppyfry_snake_entry_island, gauntlet_entry_generic,
          lemuel_fruit_tree, serial_bayou_shore_b
Lair:3:   layout_cellular_growth, serial_bayou_shore_a, grunt_megastairs_5,
          uniq_amaemon
Lair:4:   layout_loops_ring
Lair:5:   due_jungle_book, layout_gridlike, minmay_slime_entry_oklob_enclosed,
          serial_bayou_pond_d, uniq_rupert
Snake:1:  layout_basic, basic_altar, ebering_ghost_disaster_area, uniq_jorgrun
Snake:2:  layout_basic, nicolae_snake_squiggles
Snake:3:  layout_layer_cave, uniq_mara
Snake:4:  johnstein_snake_rune_scales, layout_misc_corridors,
          nicolae_snake_gridmaze_tees, uniq_roxanne
Orc:1:    layout_caves, serial_shops, shop
Orc:2:    st_orc_town, layout_diamond_mine

Skill      XL: |  1  2  3  4  5  6  7  8  9 10 11 12 13 14 15 16 |
---------------+-------------------------------------------------+-----
Invocations    | 1 2 3 4 5 6 7 8 9 10 11 12 | 12.7
Short Blades   | 1 2 3 4 5 6 8 9 10 11 | 11.7
Long Blades    | 1 2 3 4 5 6 8 9 10 11 | 11.7
Maces & Flails | 1 2 3 4 5 6 8 9 10 11 | 11.7
Polearms       | 1 2 3 4 5 6 8 9 10 11 | 11.7
Staves         | 1 2 3 4 5 6 8 9 10 11 | 11.7
Ranged Weapons | 1 2 3 4 5 6 8 9 10 11 | 11.7
Throwing       | 1 2 3 4 5 6 8 9 10 11 | 11.7
Stealth        | 1 2 3 4 5 6 8 9 10 11 | 11.7
Shields        | 1 2 3 4 5 6 8 9 10 11 | 11.7
Unarmed Combat | 1 2 3 4 5 6 8 9 10 11 | 11.7
Spellcasting   | 1 2 3 4 5 6 8 9 10 11 | 11.7
Evocations     | 1 2 3 4 5 6 8 9 10 11 | 11.7
Shapeshifting  | 1 2 3 4 5 6 7 8 9 10 | 10.8
Conjurations   | 1 2 3 4 5 6 7 8 9 |  9.9
Hexes          | 1 2 3 4 5 6 7 8 9 |  9.9
Summonings     | 1 2 3 4 5 6 7 8 9 |  9.9
Necromancy     | 1 2 3 4 5 6 7 8 9 |  9.9
Translocations | 1 2 3 4 5 6 7 8 9 |  9.9
Transmutations | 1 2 3 4 5 6 7 8 9 |  9.9
Fire Magic     | 1 2 3 4 5 6 7 8 9 |  9.9
Ice Magic      | 1 2 3 4 5 6 7 8 9 |  9.9
Air Magic      | 1 2 3 4 5 6 7 8 9 |  9.9
Earth Magic    | 1 2 3 4 5 6 7 8 9 |  9.9
Poison Magic   | 1 2 3 4 5 6 7 8 9 |  9.9
Armour         | 5 6 7 8 9 10 11 12 | 12.6
Dodging        | 5 6 7 8 9 10 11 12 | 12.6
Fighting       | 7 8 9 10 11 12 13 | 13.3
Axes           | 7 8 9 10 11 12 13 | 13.3

Action                     |  1- 3 |  4- 6 |  7- 9 | 10-12 | 13-15 | 16-18 || total
---------------------------+-------+-------+-------+-------+-------+-------++-------
  Melee: Hand axe          |    33 |       |       |       |       |       ||    33
         War axe           |    83 |   176 |   255 |    58 |       |       ||   572
         Bite              |     7 |    18 |    27 |    85 |   190 |    61 ||   388
         Punch             |     2 |     6 |    10 |     1 |       |       ||    19
         Battleaxe         |       |       |       |   561 |  1302 |   473 ||  2336
         Lajatang          |       |       |       |    62 |       |       ||    62
  Throw: Dart              |       |     4 |     3 |    18 |   111 |       ||   136
         Javelin           |       |       |       |       |     6 |       ||     6
         Boomerang         |       |       |       |       |     5 |   106 ||   111
 Invoke: Trog's Hand       |       |     2 |     4 |     8 |    15 |     4 ||    33
         Berserk           |       |     2 |     4 |    15 |    31 |       ||    52
         Brothers in Arms  |       |       |       |       |     2 |     2 ||     4
  Evoke: Wand              |       |       |       |       |     4 |       ||     4
         Phial of floods   |       |       |       |       |     2 |       ||     2
    Use: Potion            |       |     2 |       |       |     3 |       ||     5
         Scroll            |       |       |    14 |     3 |    21 |     2 ||    40
   Stab: Sleeping          |     1 |       |       |       |     1 |       ||     2
         Petrified         |       |       |       |       |     2 |       ||     2
         Petrifying        |       |       |       |       |     1 |       ||     1
         Invisible         |       |       |       |       |     4 |       ||     4
 Armour: Animal skin       |    21 |       |       |       |       |       ||    21
         Ring mail         |    35 |    45 |       |       |    48 |       ||   128
         Skin              |       |    16 |       |       |       |       ||    16
         Chain mail        |       |    80 |   266 |   662 |  1089 |   302 ||  2399
  Dodge: Dodged            |    75 |    60 |   177 |   460 |  1245 |   320 ||  2337

Table legend: (Time is in decaauts)
 A = Elapsed time spent in this place.
 B = Non-inter-level travel time spent in this place.
 C = Inter-level travel time spent in this place.
 D = Time resting spent in this place.
 E = Time spent auto-exploring this place.
 F = Levels seen in this place.
 G = Mean time per level.
                   A        B        C        D        E       F      G
               +--------+--------+--------+--------+--------+-----+--------+
         Total |  32140 |  29879 |   2261 |   4332 |  19014 |  27 | 1190.4 |
       Dungeon |  16918 |  15573 |   1345 |   1348 |  11061 |  15 | 1127.9 |
          Lair |   7238 |   6715 |    523 |   1121 |   3935 |   5 | 1447.6 |
     Snake Pit |   5288 |   5110 |    178 |   1642 |   2608 |   4 | 1322.0 |
  Orcish Mines |   1901 |   1688 |    213 |    114 |    990 |   2 |  950.5 |
      Gauntlet |    792 |    792 |      0 |    105 |    419 |   1 |  792.0 |
               +--------+--------+--------+--------+--------+-----+--------+

Top non-repeatable levels by time:
  Lair:5: 2203 daAuts
    D:10: 1703 daAuts
 Snake:3: 1680 daAuts
  Lair:2: 1546 daAuts
     D:9: 1471 daAuts
     D:4: 1393 daAuts
    D:11: 1381 daAuts
  Lair:1: 1347 daAuts
   Orc:2: 1346 daAuts
 Snake:2: 1323 daAuts
 Snake:4: 1308 daAuts
    D:13: 1284 daAuts
    D:15: 1277 daAuts
  Lair:3: 1211 daAuts
    D:14: 1138 daAuts
